 Dungeon Crawl Stone Soup version 0.29.0-5-ge4962eb29e (webtiles) character file.

Game seed: 9812663182862700836

476 RascalDebosk the Grave Robber (level 7, -7/50 HPs)
             Began as a Human Necromancer on Aug 28, 2022.
             Killed from afar by Duvessa (17 damage)
             ... with a bolt of dispelling energy
             ... on level 4 of the Dungeon.
             The game lasted 00:59:34 (5789 turns).

RascalDebosk the Grave Robber (Human Necromancer)   Turns: 5789, Time: 00:59:34

Health: -7/50      AC:  6    Str:  8    XL:     7   Next: 33%
Magic:  1/11       EV: 13    Int: 18    God:
Gold:   853        SH:  0    Dex: 19    Spells: 4/12 levels left

rFire   . . .      SeeInvis .   j - staff of death
rCold   . . .      Faith    .   (no shield)
rNeg    + + .      Spirit   .   c - +0 leather armour
rPois   .          Reflect  .   s - +0 hat
rElec   .          Harm     .   i - +0 cloak
rCorr   +          Rampage  .   l - +0 pair of gloves
Will    .....                   f - +0 pair of boots
Stlth   ++........              (no amulet)
HPRegen 0.16/turn               a - ring of flight
MPRegen 0.12/turn               k - ring "Oneosh" {rN+ rCorr Dex+6}

@: flying
A: no striking features
a: no special abilities


You were on level 4 of the Dungeon.
You visited 1 branch of the dungeon, and saw 4 of its levels.

You collected 963 gold pieces.
You spent 110 gold pieces at shops.

Inventory:

Hand Weapons
 e - a +0 whip
Armour
 c - a +0 leather armour (worn)
 f - a +0 pair of boots (worn)
 i - a +0 cloak (worn)
 l - a +0 pair of gloves (worn)
 s - a +0 hat (worn)
Magical Staves
 j - a staff of death (weapon)
Jewellery
 a - a ring of flight (left hand)
 k - the ring "Oneosh" (right hand) {rN+ rCorr Dex+6}
   (You acquired it on level 4 of the Dungeon)

   [ring of dexterity]

   Dex:       It affects your dexterity (+6).
   rN:        It protects you from negative energy.
   rCorr:     It protects you from acid and corrosion.
Wands
 b - a wand of flame (25)
 g - a wand of roots (7)
Scrolls
 d - 2 scrolls of teleportation {unknown}
 r - a scroll of enchant weapon {unknown}
 t - a scroll of magic mapping {unknown}
Potions
 h - 2 potions of cancellation
 n - 2 potions of flight
 p - 2 potions of mutation


   Skills:
 + Level 2.2 Fighting
 - Level 2.1(2.2) Maces & Flails
 + Level 0.1(1.2) Staves
 + Level 1.7 Armour
 + Level 3.1 Dodging
 + Level 3.4 Stealth
 + Level 3.0 Spellcasting
 + Level 4.9 Necromancy
 + Level 2.0 Translocations


You had 4 spell levels left.
You knew the following spells:

 Your Spells              Type           Power      Damage    Failure   Level
a - Necrotise             Necr           100%       1d9       3%          1
b - Vampiric Draining     Necr           30%        2d8       9%          3
c - Animate Dead          Necr           30%        N/A       30%         4

Your spell library contained the following spells:

 Spells                   Type           Power      Damage    Failure   Level
 Agony                    Necr           30%        N/A       63%         5


Dungeon Overview and Level Annotations

Branches:
Dungeon (4/15)
 Temple: D:4-7

Altars:
Dithmenos
The Shining One

Shops:
D:2 !:

Annotations:
D:4 Dowan, Duvessa


Message History

Aiming: Necrotise (safe; 3% risk of failure)
Press: ? - help, Q - select action, (/) - cycle Shift-Dir - straight line, f - Duvessa
Aim: Duvessa, wielding a +0 rapier, wearing a +4 chain mail of fire resistance and carrying a wand of quicksilver (13) (chance to affect: 70%)
You feel a surge of power!
Duvessa writhes in agony.
Duvessa zaps a wand.
The bolt of dispelling energy hits you!!
Your magical effects are unravelling.
Aiming: Necrotise (safe; 3% risk of failure)
Press: ? - help, Q - select action, (/) - cycle Shift-Dir - straight line, f/p - Duvessa
Aim: Duvessa, wielding a +0 rapier, wearing a +4 chain mail of fire resistance and carrying a wand of quicksilver (12) (lightly wounded, chance to affect: 70%)
You feel a surge of power!
Duvessa writhes in agony!
Your reaping aura expires.
Duvessa zaps a wand.
The bolt of dispelling energy misses you.
Aiming: Necrotise (safe; 3% risk of failure)
Press: ? - help, Q - select action, (/) - cycle Shift-Dir - straight line, f/p - Duvessa
Aim: Duvessa, wielding a +0 rapier, wearing a +4 chain mail of fire resistance and carrying a wand of quicksilver (11) (moderately wounded, chance to affect: 70%)
You feel a surge of power!
Duvessa struggles to resist.
Duvessa barely misses you.
Aiming: Throw Flame
Press: ? - help, Shift-Dir - straight line, f/p - Duvessa
Aim: Duvessa, wielding a +0 rapier, wearing a +4 chain mail of fire resistance and carrying a wand of quicksilver (11) (moderately wounded, 81% to hit)
The puff of flame hits Duvessa but does no damage.
Duvessa is moderately wounded.
You hear a shout!
Dowan, Brother of Duvessa comes into view.
He is wielding a +0 dagger and wearing a +2 robe of willpower.
Duvessa hits you with a +0 rapier. Duvessa attacks as you move away!
Duvessa completely misses you.
Duvessa zaps a wand.
The bolt of dispelling energy misses you.
Your magical contamination has completely faded away.
Duvessa barely misses you.
You hit Duvessa but do no damage.
Duvessa is moderately wounded.
Duvessa zaps a wand.
The bolt of dispelling energy hits you!
* * * LOW HITPOINT WARNING * * *
You closely miss Duvessa.
Duvessa is moderately wounded.
Duvessa zaps a wand.
The bolt of dispelling energy hits you!
You die...

#.#.# #.#.#
#.#.#
#.#.############
#...e..Z.......#
##..##########.#
####..# #e#
......# #e#
##.##.# #@#
#.##.###### #.#
#.##...Z..# #.#
#.##.####.# #.#
#.##.# #.# #.#
#.##.# #Z# #.#
..##.####.# #.#
#.##...#####.#
#............#


You could see Duvessa and Dowan.

Vanquished Creatures
  An ogre (D:4)
  A necrophage (D:4)
  A hound (D:3)
  A gnoll bouda (D:4)
  An iguana (D:4)
  Terence (D:3)
  5 gnolls
  5 adders
  A worm (D:2)
  3 dart slugs
  6 bats
  5 endoplasms
  2 giant cockroaches
  9 goblins
  5 hobgoblins
  8 jackals
  A quokka (D:3)
  5 ball pythons
  3 frilled lizards
  5 kobolds
  3 rats
72 creatures vanquished.

Vanquished Creatures (collateral kills)
  A jelly (D:4)
  2 gnolls
  4 ball pythons
  A hobgoblin (D:4)
  A jackal (D:3)
  A quokka (D:4)
  2 kobolds
12 creatures vanquished.

Vanquished Creatures (others)
  An ogre zombie (D:4)
  An iguana zombie (D:4)
  A gnoll zombie (D:4)
  2 ball python zombies (D:4)
  5 plants (D:4)
10 creatures vanquished.

Grand Total: 94 creatures vanquished

Notes
Turn   | Place    | Note
-------+----------+-------------------------------------------
     0 | D:1      | RascalDebosk the Human Necromancer began the quest for the
                  | Orb.
     0 | D:1      | Reached XP level 1. HP: 13/13 MP: 3/3
   228 | D:1      | Reached XP level 2. HP: 7/20 MP: 1/5
   781 | D:1      | Reached XP level 3. HP: 22/25 MP: 6/6
   854 | D:1      | Learned a level 3 spell: Vampiric Draining
   960 | D:1      | Found a faded altar of an unknown god.
  1544 | D:2      | Found Jaaqym's Book Emporium.
  1744 | D:2      | Reached skill level 1 in Maces & Flails
  1744 | D:2      | Reached XP level 4. HP: 29/31 MP: 5/7
  1856 | D:2      | Reached skill level 1 in Fighting
  2525 | D:2      | Found Bicvux's Distillery.
  2530 | D:2      | Bought a potion of attraction for 30 gold pieces
  2530 | D:2      | Bought a potion of mutation for 80 gold pieces
  2887 | D:3      | Reached XP level 5. HP: 23/37 MP: 2/8
  2921 | D:3      | Learned a level 4 spell: Animate Dead
  3710 | D:3      | Found a shadowy altar of Dithmenos.
  3816 | D:3      | Noticed Terence
  3844 | D:3      | Killed Terence
  4203 | D:3      | Reached skill level 1 in Armour
  4203 | D:3      | Reached skill level 1 in Translocations
  4203 | D:3      | Reached XP level 6. HP: 17/43 MP: 5/9
  5277 | D:4      | Noticed an ogre
  5297 | D:4      | Killed an ogre
  5298 | D:4      | Reached XP level 7. HP: 15/50 MP: 5/11
  5533 | D:4      | Found a glowing golden altar of the Shining One.
  5753 | D:4      | Noticed Duvessa
  5770 | D:4      | Identified 3 scrolls of acquirement
  5770 | D:4      | Acquired a staff of death
  5773 | D:4      | Acquired 689 gold pieces
  5775 | D:4      | Acquired the ring "Oneosh" {rN+ rCorr Dex+6}
  5783 | D:4      | Noticed Dowan
  5789 | D:4      | Killed from afar by Duvessa

Illustrated notes

Levels and vault maps discovered:
D:1:      spicycebolla_arrival_xxxplode, layout_loops_ring,
          shapermc_ecumenical_altar_mp_highgroup
D:2:      layout_loops_ring, serial_shops, nicolae_shop_hallway_stairs, shop,
          serial_co_window_serial, co_window_corner_a, co_window_paths_a,
          co_window_paths_b, co_window_paths_a, co_window_paths_a,
          co_window_paths_b, co_window_of_opportunity_b, co_window_broadway_b,
          co_window_unsneaky_path_c, co_window_paths_e, co_window_4corner_a,
          glass_columns_a, glass_columns_c, glass_columns_b
D:3:      layout_basic, grunt_dithmenos_smoke_and_mirrors, uniq_terence
D:4:      layout_loops_ring, mainiacjoe_overflow_boulevard, uniq_pikel,
          uniq_duvessa

Skill      XL: |  1  2  3  4  5  6  7 |
---------------+----------------------+-----
Maces & Flails | 1 2 |  2.1
Fighting       | 1 2 |  2.2
Armour         | 1 |  1.7
Stealth        | 3 |  3.4
Translocations | 1 2 |  2.0
Dodging        | 3 |  3.1
Spellcasting   | 3 |  3.0
Staves         | |  0.1
Necromancy     | |  4.9

Action                   |  1- 3 |  4- 6 |  7- 9 || total
-------------------------+-------+-------+-------++-------
Melee: Whip              |    62 |   209 |    10 ||   281
       Punch             |     2 |     3 |       ||     5
       Staff             |       |       |     2 ||     2
 Cast: Necrotise         |    32 |    53 |     5 ||    90
       Animate Dead      |       |     9 |     1 ||    10
       Vampiric Draining |       |     7 |       ||     7
Evoke: Wand              |       |       |     1 ||     1
  Use: Potion            |       |     6 |     1 ||     7
       Scroll            |       |     3 |     3 ||     6
 Stab: Sleeping          |     2 |     5 |       ||     7
Armor: Leather armour    |    31 |    80 |     1 ||   112
Dodge: Dodged            |    38 |   152 |     7 ||   197
